 Dungeon Crawl Stone Soup version 0.30.1-11-g7821555f0a (webtiles) character file.

Game seed: 5705299684681547339

931 Eitelfritz the Carver (level 7, 0/60 HPs)
             Began as a Minotaur Gladiator on Jan 13, 2024.
             Was an Elder of Jiyva.
             Slain by a scorpion (5 damage)
             ... on level 6 of the Dungeon.
             The game lasted 00:11:03 (4025 turns).

Eitelfritz the Carver (Minotaur Gladiator)          Turns: 4025, Time: 00:11:04

Health: 0/60       AC:  4    Str: 19    XL:     7   Next: 86%
Magic:  6/6        EV: 13    Int:  7    God:    Jiyva [****..]
Gold:   83         SH:  0    Dex: 11    Spells: 6/6 levels left

rFire   + + +        a - +0 long sword
rCold   . . .        (no shield)
rNeg    . . .        b - +0 leather armour
rPois   .            c - +0 hat
rElec   .            (no cloak)
rCorr   +            (no gloves)
SInv    .            o - +0 pair of boots
Will    .....        (no amulet)
Stlth   +            (no ring)
HPRegen 1.58/turn    (no ring)
MPRegen 0.50/turn

%: no passive effects
@: no status effects
A: horns 2, retaliatory headbutt, fire resistance 3, jelly absorbing missiles
a: Renounce Religion, Oozemancy, Slimify


You were on level 6 of the Dungeon.
You worshipped Jiyva.
Jiyva was greatly pleased with you.
You visited 1 branch of the dungeon, and saw 6 of its levels.
You also visited: Sewer.

You collected 181 gold pieces.
You spent 98 gold pieces at shops.

Inventory:

Hand Weapons
 a - a +0 long sword (weapon)
 i - a +0 sling
 y - a +1 flail of draining
Missiles
 d - 3 throwing nets (quivered)
 e - a javelin
Armour
 b - a +0 leather armour (worn)
 c - a +0 hat (worn)
 o - a +0 pair of boots (worn)
 q - a +0 kite shield
 w - a +0 chain mail
Jewellery
 x - an amulet of faith
Scrolls
 f - 3 scrolls of teleportation
 m - a scroll of magic mapping
 r - 2 scrolls of vulnerability
Potions
 h - a potion of heal wounds
 k - 2 potions of brilliance
 l - a potion of might {unknown}
 n - 2 potions of attraction
 t - a potion of haste {unknown}
 u - a potion of resistance {unknown}
 z - a potion of lignification {unknown}


   Skills:
 + Level 4.8 Fighting
 + Level 8.2 Long Blades
 + Level 1.5 Ranged Weapons
 + Level 2.0 Throwing
 + Level 4.0 Armour
 + Level 5.0 Dodging
 + Level 1.2 Stealth


You had 6 spell levels left.
You didn't know any spells.
Your spell library was empty.

Dungeon Overview and Level Annotations

Branches:
Dungeon (6/15)              Sewer (visited)
 Temple: D:4-7

Altars:
Cheibriados
Jiyva

Shops:
D:3 :   D:4 ((?   D:5 **:


Innate Abilities, Weirdness & Mutations

You have a pair of horns on your head.
You reflexively headbutt those who attack you in melee.
Your flesh is almost immune to the effects of heat. (rF+++)
You have a small jelly attached to you that may absorb projectiles.


Message History

You hear a slurping noise.
The jelly hits something.
Reactivating autopickup.
You feel a bit more experienced. The orc warrior barely misses you.
Your Armour skill increases to level 4!
A scorpion comes into view.
The orc warrior hits you with a +0 dire flail!
Unknown command.
You hear some strange, mumbled words.
A puff of flame appears from out of thin air!
Deactivating autopickup; reactivate with Ctrl-A.
The puff of flame hits you. You resist.
You hear a slurping noise.
The orc warrior misses you.
Unknown command.
Something hits you but does no damage.
The orc warrior hits you with a +0 dire flail!!
* * * LOW HITPOINT WARNING * * *
The scorpion misses you.
Unknown command.
You feel better. Something hits you.
* * * LOW HITPOINT WARNING * * *
The orc warrior hits you with a +0 dire flail!
* * * LOW HITPOINT WARNING * * *
You feel much better. Something hits you but does no damage.
The orc warrior barely misses you. The scorpion barely misses you.
You hear a slurping noise.
The orc warrior hits you with a +0 dire flail.
The scorpion stings you but does no damage.
The scorpion attacks as you move away!
The scorpion stings you but does no damage.
The orc warrior attacks as you move away!
The orc warrior hits you with a +0 dire flail!!
* * * LOW HITPOINT WARNING * * *
The scorpion stings you.
* * * LOW HITPOINT WARNING * * *
The scorpion stings you.
* * * LOW HITPOINT WARNING * * *
The scorpion attacks as you move away! The scorpion stings you.
You die...

....######
#........#
#........# #
#........# .#
#........#####.#
+.[.........[...
#...............
.#####..s........##
........s@..#.....#
........o.J.#.....#
#.#..##.###.#.#<#.#
#. .... #.#.#.# #
#...#.#.#...#
#.....#.###+# ##.##
#.. .. #.. ..


You could see an orc warrior, 2 scorpions and a neutral jelly (wandering)
(fellow slime).

Vanquished Creatures
  3 yaks
  Blork the orc (D:4)
  2 scorpions
  2 hounds (D:5)
  Natasha (twice) (D:2)
  A hell rat (Sewer)
  Robin (D:2)
  A gnoll (D:2)
  3 adders
  2 river rats (Sewer)
  A shadow imp (D:4)
  An ufetubus (D:5)
  4 worms
  6 orcs
  2 giant cockroaches (D:3)
  16 goblins
  11 hobgoblins
  5 kobolds
  5 quokkas
  6 ball pythons
  4 bats
  A frilled lizard (D:3)
  5 rats
85 creatures vanquished.

Vanquished Creatures (others)
  A yak (D:5)
  A scorpion (D:5)
  5 jellies (D:5)
  Natasha (D:2)
  3 orc wizards
  3 gnolls (D:2)
  An adder (D:2)
  A worm (D:5)
  A dart slug (D:3)
  2 orcs (D:4)
  3 endoplasms
  3 hobgoblins
  A kobold (D:2)
  3 quokkas
  2 ball pythons (D:3)
  2 bats (D:2)
  2 goblins (D:2)
  2 rats
37 creatures vanquished.

Grand Total: 122 creatures vanquished

Notes
Turn   | Place    | Note
-------+----------+-------------------------------------------
     0 | D:1      | Eitelfritz the Minotaur Gladiator began the quest for the
                  | Orb.
     0 | D:1      | Reached XP level 1. HP: 18/18 MP: 0/0
   180 | D:1      | Found a faded altar of an unknown god.
   209 | D:1      | Prayed at the altar of an unknown god.
   209 | D:1      | Became a worshipper of Jiyva Jaottu the Shapeless
   209 | D:1      | Reached * piety under Jiyva
   299 | D:1      | Reached skill level 4 in Long Blades
   299 | D:1      | Reached XP level 2. HP: 25/25 MP: 1/1
   764 | D:2      | Noticed Robin
   817 | D:2      | Reached XP level 3. HP: 30/30 MP: 2/2
   824 | D:2      | Killed Robin
   825 | D:2      | Reached skill level 1 in Armour
   847 | D:2      | Killed Natasha
   937 | D:2      | Noticed Natasha
   942 | D:2      | Killed Natasha
   943 | D:2      | Reached XP level 4. HP: 37/37 MP: 3/3
  1006 | D:2      | Noticed Natasha
  1017 | D:2      | Killed Natasha
  1018 | D:2      | Reached skill level 5 in Long Blades
  1065 | D:2      | Reached ** piety under Jiyva
  1743 | D:3      | Found Kelij's Book Boutique.
  1903 | D:3      | Found a glowing drain.
  1907 | Sewer    | Entered a sewer
  1936 | Sewer    | Reached XP level 5. HP: 37/44 MP: 4/4
  2215 | D:3      | Reached *** piety under Jiyva
  2452 | D:4      | Found Haips's Weapon Boutique.
  2502 | D:4      | Found Yriblyzoi's Antique Weapon Boutique.
  2543 | D:4      | Found Timoffum's Magic Scroll Boutique.
  2552 | D:4      | Reached skill level 1 in Stealth
  2562 | D:4      | Bought a scroll of teleportation for 42 gold pieces
  2562 | D:4      | Bought 2 scrolls of identify for 56 gold pieces
  2612 | D:4      | Noticed Blork the orc
  2622 | D:4      | Killed Blork the orc
  2623 | D:4      | Reached skill level 6 in Long Blades
  2623 | D:4      | Reached XP level 6. HP: 6/51 MP: 5/5
  2796 | D:4      | Gained mutation: Your flesh is heat resistant. (rF+)
                  | [Jiyva's grace]
  2796 | D:4      | Gained mutation: Your flesh is very heat resistant. (rF++)
                  | [Jiyva's grace]
  2796 | D:4      | Gained mutation: Your flesh is almost immune to the effects
                  | of heat. (rF+++) [Jiyva's grace]
  2796 | D:4      | Gained mutation: You have a small jelly attached to you
                  | that may absorb projectiles. [Jiyva's grace]
  2853 | D:4      | Found a snail-covered altar of Cheibriados.
  2972 | D:5      | Entered Level 5 of the Dungeon
  2991 | D:5      | Found Ojel's Jewellery Boutique.
  3005 | D:5      | Reached **** piety under Jiyva
  3134 | D:5      | Reached skill level 7 in Long Blades
  3415 | D:5      | Noticed a yak
  3460 | D:5      | Noticed a yak
  3465 | D:5      | Noticed a yak
  3468 | D:5      | Noticed a yak
  3469 | D:5      | Killed a yak
  3470 | D:5      | Reached XP level 7. HP: 36/59 MP: 6/6
  3502 | D:5      | Killed a yak
  3531 | D:4      | Killed a yak
  3532 | D:4      | Reached skill level 1 in Ranged Weapons
  3570 | D:4      | Killed a yak
  3571 | D:4      | Reached skill level 8 in Long Blades
  3571 | D:4      | Reached skill level 5 in Dodging
  3663 | D:5      | Found Qyschasm's Book Shop.
  3680 | D:5      | Found Weim's General Store.
  3697 | D:5      | Found Zaiptiaw's Assorted Antiques.
  4021 | D:6      | HP: 2/60 [orc warrior/+0 dire flail (10)]
  4025 | D:6      | Slain by a scorpion

Illustrated notes

Levels and vault maps discovered:
D:1:      minmay_arrival_shoal_huts, layout_loops_cross,
          shapermc_ecumenical_altar_gd
D:2:      layout_basic, minmay_hexomino_p4, uniq_robin, uniq_natasha
D:3:      layout_loops_corners, serial_shops, shop, gup_sewer_entry_bowl,
          kennysheep_flooded_box, minmay_pentangle
D:4:      layout_cave_pools, chei_slow_surprise, serial_shops, shop, shop, shop,
          minmay_surrounded, uniq_blork_the_orc
D:5:      layout_basic, serial_shops, shop, shop, shop, nicolae_stop_n_shop_2
D:6:      layout_basic, kennysheep_potato

Skill      XL: |  1  2  3  4  5  6  7 |
---------------+----------------------+-----
Long Blades    | 4 5 6 7 8 |  8.2
Armour         | 1 2 3 4 |  4.0
Dodging        | 4 5 |  5.0
Fighting       | 3 4 |  4.8
Stealth        | 1 |  1.2
Ranged Weapons | 1 |  1.5
Throwing       | |  2.0

Action                     |  1- 3 |  4- 6 |  7- 9 || total
---------------------------+-------+-------+-------++-------
  Melee: Long sword        |    71 |   151 |    24 ||   246
         Headbutt          |     9 |    22 |     7 ||    38
         Punch             |       |     2 |       ||     2
   Fire: Sling             |       |     4 |       ||     4
    Use: Scroll            |       |     4 |     7 ||    11
         Potion            |       |       |     2 ||     2
 Armour: Leather armour    |    16 |    22 |     5 ||    43
  Dodge: Dodged            |    52 |   104 |    18 ||   174
